 Dungeon Crawl Stone Soup version 0.26-b1-59-ge38874ec40 (webtiles) character file.

Game seed: 18267889702434121111

217 radhat240 the Chopper (level 5, -7/51 HPs)
             Began as a Hill Orc Fighter on Jan 8, 2021.
             Mangled by an ogre
             ... wielding a +0 giant club
              (12 damage)
             ... on level 4 of the Dungeon.
             The game lasted 00:08:47 (2586 turns).

radhat240 the Chopper (Hill Orc Fighter)            Turns: 2586, Time: 00:08:47

Health: -7/51      AC: 11    Str: 20    XL:     5   Next: 94%
Magic:  5/5        EV:  8    Int:  8    God:
Gold:   231        SH: 10    Dex: 10    Spells: 4/4 levels left

rFire    . . .     SeeInvis .   a - +0 war axe
rCold    . . .     Faith    .   c - +1 kite shield
rNeg     . . .     Spirit   .   b - +0 scale mail
rPois    +         Reflect  .   o - +0 hat
rElec    .         Harm     .   (no cloak)
rCorr    .         Rampage  .   (no gloves)
Will     .....                  (no boots)
Stlth    ..........             (no amulet)
HPRegen  0.17/turn              p - +4 ring of protection
MPRegen  0.09/turn              m - ring of poison resistance

@: mighty
A: robust 1, evolution 1, MP-powered wands, sturdy frame 1
a: no special abilities


You were on level 4 of the Dungeon.
You visited 1 branch of the dungeon, and saw 4 of its levels.

You collected 231 gold pieces.

Inventory:

Hand Weapons
 a - a +0 war axe (weapon)
Armour
 b - a +0 scale mail (worn)
 c - a +1 kite shield (worn)
 o - a +0 hat (worn)
Jewellery
 m - a ring of poison resistance (right hand)
 p - a +4 ring of protection (left hand)
Scrolls
 e - 4 scrolls of teleportation
 f - a scroll of enchant armour
 k - 2 scrolls of remove curse
Potions
 d - a potion of might
 g - a potion of magic
 h - 2 potions of haste
 i - a potion of curing
 j - 3 potions of lignification
 n - 2 potions of ambrosia


   Skills:
 + Level 4.8 Fighting
 + Level 5.2 Axes
 + Level 4.2 Armour
 + Level 0.5 Dodging
 + Level 0.6 Stealth
 + Level 4.0 Shields


You had 4 spell levels left.
You didn't know any spells.
Your spell library was empty.

Dungeon Overview and Level Annotations

Branches:
Dungeon (4/15)
 Temple: D:4-7

Altars:
Cheibriados
Gozag
Ru
Uskayaw
Zin


Innate Abilities, Weirdness & Mutations

You are robust. (+10% HP)
You evolve.
You expend magic power (3 MP) to strengthen your wands.
Your movements are slightly less encumbered by armour. (ER -2)


Message History

You hit the ogre.
The ogre is moderately wounded.
The ogre hits you with a +0 giant club.
You completely miss the ogre.
The ogre is moderately wounded.
The ogre barely misses you.
You hit the ogre.
The ogre is heavily wounded.
The ogre hits you with a +0 giant club!!
You hit the ogre.
The ogre is heavily wounded.
The ogre hits you with a +0 giant club!
* * * LOW HITPOINT WARNING * * *
You closely miss the ogre.
The ogre is heavily wounded.
You block the ogre's attack.
You barely miss the ogre.
The ogre is heavily wounded.
The ogre hits you with a +0 giant club!
You die...

#....# #....#
#....# #.... #....
#..#### ######...
##O##.## .........
#.@....# .........
#......#
###........
#......#
..#........
#......#
#.#........
#......#
#.#........
#......#
#.#........
#......#
#.#.##..#####
##....#### †...#
..##...###....##.##


You could see an ogre.

Vanquished Creatures
  A hound (D:4)
  A centaur skeleton (D:4)
  7 adders
  4 worms (D:2)
  3 dart slugs
  5 leopard geckos
  An orc (D:3)
  9 bats
  4 giant cockroaches
  12 goblins
  8 hobgoblins
  3 jackals (D:1)
  7 kobolds
  A quokka (D:3)
  2 ball pythons
  4 frilled lizards
  5 rats
77 creatures vanquished.

Notes
Turn   | Place    | Note
-------+----------+-------------------------------------------
     0 | D:1      | radhat240 the Hill Orc Fighter began the quest for the Orb.
     0 | D:1      | Reached XP level 1. HP: 19/19 MP: 1/1
    96 | D:1      | Reached XP level 2. HP: 27/27 MP: 2/2
   259 | D:1      | Gained mutation: You expend magic power (3 MP) to
                  | strengthen your wands. [potion of mutation]
   259 | D:1      | Gained mutation: You evolve. [potion of mutation]
   259 | D:1      | Gained mutation: You are robust. (+10% HP) [potion of
                  | mutation]
   333 | D:1      | Reached skill level 3 in Axes
   437 | D:1      | Reached XP level 3. HP: 36/36 MP: 3/3
  1036 | D:2      | Reached XP level 4. HP: 45/45 MP: 4/4
  1063 | D:2      | Found a snail-covered altar of Cheibriados.
  1282 | D:2      | Reached skill level 4 in Axes
  1570 | D:2      | Found a hide-covered altar of Uskayaw.
  1901 | D:3      | Found a glowing silver altar of Zin.
  1907 | D:3      | Reached XP level 5. HP: 47/51 MP: 5/5
  2092 | D:3      | Found an opulent altar of Gozag.
  2369 | D:4      | Found a sacrificial altar of Ru.
  2452 | D:4      | Reached skill level 5 in Axes
  2452 | D:4      | Gained mutation: Your movements are slightly less
                  | encumbered by armour. (ER -2) [evolution]
  2575 | D:4      | Noticed an ogre
  2586 | D:4      | Mangled by an ogre

Illustrated notes

Levels and vault maps discovered:
D:1:      wheals_arrival_shading, layout_rooms, minivault_24
D:2:      layout_basic, lemuel_doored_altar, kennysheep_slug_shrine,
          minmay_misc_feat_rows, kennysheep_cross_room,
          amcnicky_mini_rare_corridor_liquid, item_on_display_a
D:3:      layout_rooms, lemuel_crystal_altar, grunt_gozag_breadcrumbs
D:4:      layout_gridville, nicolae_ru_sacrificial_ziggurat

Skill      XL: |  1  2  3  4  5 |
---------------+----------------+-----
Fighting       | 4 |  4.8
Axes           | 3 4 5 |  5.2
Armour         | 4 |  4.2
Shields        | 4 |  4.0
Dodging        | |  0.5
Stealth        | |  0.6

Action                   |  1- 3 |  4- 6 || total
-------------------------+-------+-------++-------
Melee: War axe           |    90 |   131 ||   221
  Use: Scroll            |     6 |     5 ||    11
       Potion            |     1 |     4 ||     5
Armor: Scale mail        |    35 |    84 ||   119
Dodge: Dodged            |    25 |    55 ||    80
Block: Kite shield       |    54 |    72 ||   126
